 Dungeon Sprint DCSS version 0.17-a0-1311-gbcbd859 (webtiles) character file.

421 Kidiri the Covert (level 6, -28/32 HPs)
             Began as a Spriggan Enchanter on June 8, 2015.
             Annihilated by a boulder beetle (45 damage)
             ... in the Dungeon (Sprint II: "The Violet Keep of Menkaure").
             The game lasted 00:04:26 (1242 turns).

Kidiri the Covert (Spriggan Enchanter)              Turns: 1242, Time: 00:04:26

Health: -28/32     AC:  3    Str:  4    XL:     6   Next: 62%
Magic:  0/15       EV: 25    Int: 17    God:
Gold:   729        SH:  0    Dex: 18    Spells: 5 memorised, 4 levels left

rFire  . . .     SeeInvis +     a - +1 dagger
rCold  . . .     Clarity  .     b - +1 robe
rNeg   . . .     SustAt   .     (shield restricted)
rPois  .         Gourm    .     (helmet restricted)
rElec  .         Spirit   .     (no cloak)
rCorr  .         Warding  .     (gloves unavailable)
rMut   .         NoTele   +     (boots unavailable)
MR     +....                    (no amulet)
Stlth  +++++.....               (no ring)
                                (no ring)

@: very quick, somewhat resistant to hostile enchantments, quite stealthy
A: unfitting armour, see invisible, herbivore 3, speed 3, slow metabolism 2
a: no special abilities


You were in the Dungeon.
You were not hungry.

You visited 1 branch You collected 729 gold pieces.

Inventory:

Hand weapons
 a - a +1 dagger (weapon)
Armour
 b - a +1 robe (worn)
Scrolls
 j - a scroll of blinking
Potions
 g - a potion of haste
 h - 2 potions of magic
 i - a potion of berserk rage
Books
 c - a book of Maledictions

   Spells                             Type                      Level
   a - Corona                         Hexes                        1
   b - Ensorcelled Hibernation        Hexes/Ice                    2
   c - Confuse                        Hexes                        3
   d - Tukima's Dance                 Hexes                        3
   e - Dazzling Spray                 Conjuration/Hexes            3
Comestibles
 d - a bread ration


   Skills:
 + Level 3.3 Fighting
 * Level 6.7 Short Blades
 + Level 3.0 Armour
 * Level 9.3 Dodging
 * Level 10.4 Stealth
 + Level 5.7 Spellcasting
 + Level 6.2 Hexes
 + Level 3.2 Ice Magic


You had 4 spell levels left.
You knew the following spells:

 Your Spells              Type           Power        Failure   Level  Hunger
a - Corona                Hex            ####...      1%          1    None
b - Ensorcelled Hibernat  Hex/Ice        ###...       2%          2    #......
c - Confuse               Hex            ####....     3%          3    ##.....
d - Tukima's Dance        Hex            ####....     3%          3    ##.....
e - Dazzling Spray        Conj/Hex       ###.....     12%         3    ##.....


Dungeon Overview and Level Annotations

Branches:
Dungeon (1/1)

Altars:


Innate Abilities, Weirdness & Mutations

You are tiny and cannot use many weapons and most armour.
You have supernaturally acute eyesight.
You are a herbivore.
You cover ground extremely quickly.
You need consume almost no food.


Message History

The boulder beetle is almost dead.
The boulder beetle barely misses you.
You hit the boulder beetle but do no damage.
The boulder beetle is almost dead.
You hit the boulder beetle.
The boulder beetle is almost dead.
You hit the boulder beetle but do no damage.
The boulder beetle is almost dead.
The boulder beetle bites you!
Casting: Corona
Confirm with . or Enter, or press ? or * to list all spells.
Aiming: Ensorcelled Hibernation
Press: ? - help, Shift-Dir - straight line, f/p - boulder beetle
Aim: a boulder beetle (almost dead, softly glowing, chance to defeat MR: 33%)
The boulder beetle is unaffected.
You hit the boulder beetle but do no damage.
The boulder beetle is almost dead.
The boulder beetle bites you!!!
Ouch! That really hurt!
You die...

##+## ##.#§## ##
#.%#§.# .#
####@#§#### .##
##.###B###.##..#
#..###.##.#.#..#
+##.'.<.'###+..#
#..###.##.#.#....#
##.###'###.##..§...≈
####.#.#### ≈.....≈
#.##..# §≈§≈..≈
###..## §≈≈≈≈.≈


You could see a boulder beetle.

Vanquished Creatures
  A boulder beetle (D)
  A hippogriff (D)
  4 worker ants (D)
  3 worms (D)
9 creatures vanquished.

Vanquished Creatures (others)
  A hippogriff (D)
  Menkaure (D)
2 creatures vanquished.

Grand Total: 11 creatures vanquished

Notes
Turn   | Place    | Note
--------------------------------------------------------------
     0 | D        | Kidiri the Spriggan Enchanter began the quest for the Orb.
     0 | D        | Reached XP level 1. HP: 9/9 MP: 5/5
     1 | D        | Noticed a boulder beetle
     1 | D        | Noticed a boulder beetle
     5 | D        | Noticed a hippogriff
     5 | D        | Noticed a hippogriff
    13 | D        | Noticed a worker ant
    13 | D        | Noticed a worker ant
    45 | D        | Reached skill level 5 in Stealth
    52 | D        | Killed Menkaure
   189 | D        | Reached XP level 2. HP: 14/14 MP: 7/7
   195 | D        | Learned a level 2 spell: Ensorcelled Hibernation
   270 | D        | Noticed a worker ant
   270 | D        | Noticed a worker ant
   275 | D        | Killed a worker ant
   275 | D        | Reached skill level 1 in Fighting
   275 | D        | Reached skill level 1 in Armour
   275 | D        | Reached skill level 5 in Dodging
   275 | D        | Reached skill level 6 in Stealth
   275 | D        | Reached skill level 1 in Ice Magic
   275 | D        | Reached XP level 3. HP: 18/18 MP: 3/9
   351 | D        | Killed a worker ant
   390 | D        | Killed a hippogriff
   882 | D        | Killed a worker ant
   882 | D        | Reached skill level 7 in Stealth
   882 | D        | Reached XP level 4. HP: 20/23 MP: 3/11
   888 | D        | Learned a level 3 spell: Confuse
   892 | D        | Learned a level 3 spell: Tukima's Dance
   950 | D        | Killed a worker ant
   982 | D        | Killed a hippogriff
   982 | D        | Reached skill level 5 in Short Blades
   982 | D        | Reached skill level 9 in Stealth
   982 | D        | Reached skill level 5 in Spellcasting
   982 | D        | Reached skill level 5 in Hexes
   982 | D        | Reached XP level 5. HP: 27/27 MP: 9/13
   987 | D        | Learned a level 3 spell: Dazzling Spray
  1006 | D        | Killed a boulder beetle
  1006 | D        | Reached skill level 10 in Stealth
  1006 | D        | Reached XP level 6. HP: 12/32 MP: 8/15
  1242 | D        | Annihilated by a boulder beetle

Vault maps used:
D:        the_violet_keep_of_menkaure

Action                   |  1- 3 |  4- 6 || total
-------------------------+-------+-------++-------
Melee: Dagger            |    42 |    24 ||    66
 Cast: Corona            |     5 |     1 ||     6
       Ensorcelled Hiber |    14 |     7 ||    21
       Confuse           |       |     3 ||     3
  Use: Potion            |     2 |       ||     2
 Stab: Sleeping          |     3 |     5 ||     8
